 Dungeon Crawl Stone Soup version 0.19-a0-459-gb8ed64d (webtiles) character file.

128 Delvonshi the Skirmisher (level 4, -1/44 HPs)
             Began as a Minotaur Chaos Knight on June 2, 2016.
             Killed from afar by an orc wizard (7 damage)
             ... with a puff of flame
             ... on level 3 of the Dungeon.
             The game lasted 00:03:09 (1401 turns).

Delvonshi the Skirmisher (Minotaur Chaos Knight)    Turns: 1401, Time: 00:03:12

Health: -1/44      AC:  6    Str: 17    XL:     4   Next: 86%
Magic:  3/3        EV: 11    Int:  9    God:    Xom [..*...]
Gold:   59         SH:  0    Dex: 10    Spells: 0 memorised, 3 levels left

rFire  . . .     SeeInvis .     a - +0 mace (chaos)
rCold  . . .     Gourm    .     b - +2 leather armour
rNeg   . . .     Faith    .     (no shield)
rPois  +         Spirit   .     (helmet restricted)
rElec  .         Dismiss  .     (no cloak)
rCorr  .         Reflect  .     m - +0 pair of gloves
SustAt .         Harm     .     (no boots)
MR     .....                    (no amulet)
Stlth  +.........               (no ring)
                                r - ring of poison resistance

@: not resistant to hostile enchantments, very unstealthy
A: retaliatory headbutt, horns 2
a: Renounce Religion


You were on level 3 of the Dungeon.
You worshipped Xom.
You were a toy of Xom.
You were hungry.

You visited 1 branch of the dungeon, and saw 3 of its levels.

You collected 59 gold pieces.

Inventory:

Hand Weapons
 a - a +0 mace of chaos (weapon)
Armour
 b - a +2 leather armour (worn)
 m - a +0 pair of gloves (worn)
Jewellery
 r - a ring of poison resistance (left hand)
Scrolls
 d - 4 scrolls of identify {unknown}
 f - 4 scrolls of teleportation {unknown}
 g - 2 scrolls of amnesia {unknown}
 j - a scroll of immolation {unknown}
 l - 4 scrolls of remove curse {unknown}
 n - a scroll of magic mapping {unknown}
 o - 2 scrolls of recharging {unknown}
 q - a scroll of enchant weapon {unknown}
Potions
 e - a potion of curing
 h - 2 potions of resistance {unknown}
 i - a potion of haste {unknown}
 k - a potion of degeneration {unknown}
 p - a potion of ambrosia {unknown}
Comestibles
 c - 2 bread rations
 s - a chunk of flesh


   Skills:
 + Level 5.7 Fighting
 + Level 5.1 Maces & Flails
 - Level 2.4 Armour
 - Level 1.1 Dodging


You had 3 spell levels left.
You didn't know any spells.

Dungeon Overview and Level Annotations

Branches:
Dungeon (3/15)

Altars:
Cheibriados
Beogh


Innate Abilities, Weirdness & Mutations

You reflexively headbutt those who attack you in melee.
You have a pair of horns on your head.


Message History

You hear some strange, mumbled words.
A puff of flame appears from out of thin air!
The puff of flame hits you!
* * * LOW HITPOINT WARNING * * *
You feel better.
You miss something. Your headbutt misses something.
An orc wizard appears from thin air!
Reactivating autopickup.
The orc wizard gestures at you while chanting.
The magic dart hits you!
You die... "Oh, no, you don't!"
Xom revives you!
You hit the orc wizard but do no damage.
The orc wizard seems to speed up.
Your headbutt misses the orc wizard. The orc wizard barely misses you.
The orc wizard points at you and mumbles some strange words.
The puff of flame hits you!
You die...
Xom snickers!

..# #.≈≈#....... ..
#.##..≈#.#.#.###
#...#####.#...#.o{....#
#.........w....#o#.#.#
######.#########'# #.##
#.o.# #..# #o8.8$#
+##########o# #.$$$.#
#........@o## #.8.8.#
####...^......# ##$_$##
#.[#...≈≈≈≈...# #####
#.##..≈≈≈≈≈≈..#
#.##..≈≈##≈≈..#
#.##..≈≈##≈≈..#
##.##..≈≈≈≈≈≈..#
####...#...≈≈≈≈...#
......##..........#


You could see an orc wizard and an orc.

Vanquished Creatures
  An orc priest (D:3)
  3 adders (D:2)
  4 worms
  2 giant geckos
  8 bats
  5 giant cockroaches
  6 goblins
  7 hobgoblins
  4 jackals (D:2)
  7 kobolds
  A quokka (D:3)
  A ball python (D:1)
  A giant newt (D:2)
  5 rats
55 creatures vanquished.

Notes
Turn   | Place    | Note
--------------------------------------------------------------
     0 | D:1      | Delvonshi the Minotaur Chaos Knight began the quest for the Orb.
     0 | D:1      | Reached XP level 1. HP: 19/19 MP: 0/0
    81 | D:1      | Reached XP level 2. HP: 27/27 MP: 1/1
   329 | D:1      | XOM: divination: detect creatures
   439 | D:1      | Reached XP level 3. HP: 34/34 MP: 2/2
   532 | D:2      | XOM: cloud trail
   598 | D:2      | Reached skill level 5 in Fighting
   664 | D:2      | XOM: cloud trail
   691 | D:2      | Reached XP level 4. HP: 33/42 MP: 3/3
  1269 | D:3      | Found a snail-covered altar of Cheibriados.
  1357 | D:3      | Found a roughly hewn altar of Beogh.
  1398 | D:3      | Reached skill level 5 in Maces & Flails
  1398 | D:3      | HP: 2/44 [something/puff of flame (7)]
  1400 | D:3      | Xom revived you
  1401 | D:3      | Killed from afar by an orc wizard

Vault maps used:
D:1:      evilmike_arrival_run_for_it
D:2:      first_bread
D:3:      old_standard_altar, grunt_temple_overflow_open, cheibriados_altar_1,
          lemuel_coloured_pillars_altar, lightli_sewer_entry_pipes,
          kennysheep_pointless_box, moated_statue, kennysheep_orc_chapel

Skill      XL: |  1  2  3  4 |
---------------+-------------+-----
Fighting       | 4 5 |  5.7
Maces & Flails | 4 5 |  5.1
Armour         | |  2.4
Dodging        | |  1.1

Action                   |  1- 3 |  4- 6 || total
-------------------------+-------+-------++-------
Melee: Mace              |    50 |    45 ||    95
       Headbutt          |     3 |     8 ||    11
  Use: Potion            |       |     2 ||     2
  Eat: Chunk             |       |     1 ||     1
Armor: Leather armour    |    17 |    15 ||    32
Dodge: Dodged            |    33 |    25 ||    58
